 Dungeon Crawl Stone Soup version 0.26-a0-652-gafc20e3620 (webtiles) character file.

Game seed: 14981292386723849222

5 Katz the Grasshopper (level 1, 0/18 HPs)
             Began as a Palentonga Warper on Oct 1, 2020.
             Slain by a giant cockroach (2 damage)
             ... on level 1 of the Dungeon.
             The game lasted 00:01:57 (384 turns).

Katz the Grasshopper (Palentonga Warper)             Turns: 384, Time: 00:01:57

Health: 0/18       AC:  4    Str: 14    XL:     1   Next: 66%
Magic:  3/3        EV:  9    Int: 13    God:
Gold:   26         SH:  0    Dex:  9    Spells: 4/4 levels left

rFire    . . .     SeeInvis +   a - +0 mace
rCold    . . .     Faith    .   (no shield)
rNeg     . . .     Spirit   .   b - +0 leather armour
rPois    .         Reflect  .   (no helmet)
rElec    .         Harm     .   (no cloak)
rCorr    .         Rampage  .   (no gloves)
MR       .....                  (no barding)
Stlth    +.........             (no amulet)
HPRegen  0.06/turn              (no ring)
MPRegen  0.08/turn              (no ring)

@: no status effects
A: large, rugged brown scales 3, see invisible, deformed body, roll, armoured
tail
a: Rolling Charge


You were on level 1 of the Dungeon.
You visited 1 branch of the dungeon, and saw 2 of its levels.

You collected 26 gold pieces.

Inventory:

Hand Weapons
 a - a +0 mace (weapon)
Missiles
 e - 5 boomerangs of dispersal (quivered)
Armour
 b - a +0 leather armour (worn)
Scrolls
 d - a scroll of blinking
Potions
 c - a potion of degeneration {unknown}


   Skills:
 * Level 2.2 Fighting
 + Level 2.1 Maces & Flails
 - Level 0.6 Throwing
 - Level 0.7 Armour
 - Level 1.5 Dodging
 * Level 2.1 Spellcasting
   Level 3.0 Translocations


You had 4 spell levels left.
You didn't know any spells.
Your spell library contained the following spells:

 Spells                   Type           Power        Failure   Level
 Blink                    Tloc           N/A          14%         2
 Gell's Gravitas          Tloc           #.........   28%         3
 Lesser Beckoning         Tloc           #.........   28%         3
 Teleport Other           Tloc           #.......     28%         3
 Passage of Golubria      Tloc           N/A          67%         4


Dungeon Overview and Level Annotations

Branches:
Dungeon (2/15)

Altars:


Innate Abilities, Weirdness & Mutations

You are completely covered in rugged brown scales. (AC +3, +7% HP)
You have supernaturally acute eyesight. (SInv)
Armour fits poorly on your strangely shaped body.
You can roll at foes to attack.
You have a long armoured tail.


Message History

There is a stone staircase leading up here.
The kobold hits you.
* * * LOW HITPOINT WARNING * * *
The bat hits you but does no damage. The giant cockroach closely misses you.
You climb upwards.
A goblin and a dart slug come into view.
The goblin hits you but does no damage. The dart slug closely misses you.
Found a scroll labeled TOD XUSIESI.
There is a stone staircase leading down here.
The giant cockroach bites you.
* * * LOW HITPOINT WARNING * * *
You open the door.
The giant cockroach bites you but does no damage.
The kobold barely misses you. The dart slug launches a dart at you.
The slug dart hits you but does no damage.
The giant cockroach bites you.
* * * LOW HITPOINT WARNING * * *
The giant cockroach bites you.
You die...

.............#.# ##
.###....###.#... #. .#
#....# #.#### #.####.#
#....# #+#### ###......#
#..†.##.....# #......#
#....##.....# #..?>..#
#....##......
#.....s#####............
#...gwK@..##...##.......
#......##.#####.........
#......# # #...†......
######## ##.........
#......... ##..≈≈≈.≈≈≈
##..≈≈♣....≈
#..≈≈..8....
#.≈≈.♣......


You could see a dart slug, a giant cockroach, a goblin and a kobold.

Vanquished Creatures
  A leopard gecko (D:1)
  2 frilled lizards (D:1)
  2 goblins
5 creatures vanquished.

Notes
Turn   | Place    | Note
-------+----------+-------------------------------------------
     0 | D:1      | Katz the Palentonga Warper began the quest for the Orb.
     0 | D:1      | Reached XP level 1. HP: 18/18 MP: 3/3
   353 | D:1      | You fall into a shaft and drop 1 floor!
   384 | D:1      | Slain by a giant cockroach

Illustrated notes

Levels and vault maps discovered:
D:1:      moated_graveyard_arrival, layout_basic
D:2:      layout_rooms, chequers_ecumenical_altar_simple_redux

Action                   || total
-------------------------++-------
Melee: Mace              ||    24
Armor: Leather armour    ||    26
Dodge: Dodged            ||    32

Table legend: (Time is in decaauts)
 A = Elapsed time spent in this place.
 B = Non-inter-level travel time spent in this place.
 C = Inter-level travel time spent in this place.
 D = Time resting spent in this place.
 E = Time spent auto-exploring this place.
 F = Levels seen in this place.
 G = Mean time per level.
                   A        B        C        D        E       F      G
               +--------+--------+--------+--------+--------+-----+--------+
         Total |    391 |    391 |      0 |    244 |     72 |   2 |  195.5 |
       Dungeon |    391 |    391 |      0 |    244 |     72 |   2 |  195.5 |
               +--------+--------+--------+--------+--------+-----+--------+

Top non-repeatable levels by time:
     D:1: 359 daAuts
     D:2: 31 daAuts
